 Dungeon Crawl Stone Soup version 0.31-a0-460-g9e667d4245 (webtiles) character file.

Game seed: 89689914528907263

2251554 aesen the Slayer (level 27, 206/206 HPs)
             Began as a Red Draconian Chaos Knight on July 28, 2023.
             Was the Champion of the Shining One.
             Escaped with the Orb
             ... and 4 runes on Aug 4, 2023!
             The game lasted 05:22:57 (74273 turns).

aesen the Slayer (Red Draconian Chaos Knight)      Turns: 74273, Time: 05:22:58

Health: 206/206    AC: 27    Str: 21    XL:     27
Magic:  37/37      EV: 31    Int: 12    God:    the Shining One [******]
Gold:   3910       SH: 32    Dex: 28    Spells: 31/46 levels left

rFire   + . .        b - +2 Maxwell's thermic engine {flame, freeze, rev}
rCold   + + .        F - +7 tower shield {AC+3}
rNeg    + + +        (body armour unavailable)
rPois   +            L - +2 hat {SInv}
rElec   +            s - +2 cloak
rCorr   .            k - +2 pair of gloves
SInv    +            N - +2 pair of boots {Fly}
Will    ++++.        m - amulet "Sixt" {RegenMP Will++ MP+9}
Stlth   +            e - ring of protection from fire
HPRegen 0.54/turn    J - ring "Kofiuseq" {Ice rElec MP-9 Str+5 Stlth+}
MPRegen 0.65/turn

%: no passive effects
@: maw-form, flying, glowing
A: devouring maw, breathe fire, AC +13, unfitting armour, fire resistance 1,
cold-blooded, fangs 1, horns 1, talons 1, agile 2, cold resistance 1,
deterioration 2, frail 2, poison resistance
0: Orb of Zot
}: 4/15 runes: decaying, silver, abyssal, gossamer
a: Breathe Fire, Begin Untransformation, Renounce Religion, Divine Shield,
Cleansing Flame, Summon Divine Warrior, Brand Weapon With Holy Wrath


You escaped.
You worshipped the Shining One.
The Shining One was exalted by your worship.
You were a creature with a mouth for a stomach.
You visited 11 branches of the dungeon, and saw 51 of its levels.
You visited the Abyss 2 times.
You also visited: Sewer, Ossuary and Ice Cave.

You collected 8021 gold pieces.
You spent 3811 gold pieces at shops.
You donated 300 gold pieces to Zin.

Inventory:

Hand Weapons
 a - a +4 eveningstar of protection
 b - the +2 Maxwell's thermic engine (weapon) {flame, freeze, rev}
   (You found it on level 3 of the Elven Halls)
Missiles
 l - 8 throwing nets
 o - 35 poisoned darts (quivered)
 w - 9 curare-tipped darts
Armour
 f - a +5 kite shield of reflection
 k - a +2 pair of gloves (worn)
 s - a +2 cloak (worn)
 F - a +7 tower shield of protection (worn)
 L - a +2 hat of see invisible (worn)
 N - a +2 pair of boots of flying (worn)
Jewellery
 e - a ring of protection from fire (left hand)
 j - the amulet "Cuzxopuo" {Regen+ Int+3}
   (You found it on level 3 of the Crypt)

   [amulet of regeneration]

   Int:       It affects your intelligence (+3).
   Regen:     It increases your rate of health regeneration.
 m - the amulet "Sixt" (around neck) {RegenMP Will++ MP+9}
   (You took it off a deep elf archer on level 3 of the Elven Halls)

   [amulet of magic regeneration]

   It increases your rate of magic regeneration.
   MP:        It affects your magic capacity (+9).
   Will:      It greatly increases your willpower.
 q - a ring of willpower
 D - a ring of resist corrosion
 J - the ring "Kofiuseq" (right hand) {Ice rElec MP-9 Str+5 Stlth+}
   (You took it off a deep elf archer on level 3 of the Elven Halls)

   [ring of ice]

   It enhances your ice magic.
   Str:       It affects your strength (+5).
   rF:        It makes you vulnerable to fire.
   rC:        It protects you from cold.
   rElec:     It insulates you from electricity.
   MP:        It affects your magic capacity (-9).
   Stlth:     It makes you more stealthy.
 W - the ring of Ignis, Blushing {Int+6 Dex+4}
   (You acquired it on level 4 of the Swamp)

   [ring of intelligence]

   Int:       It affects your intelligence (+6).
   Dex:       It affects your dexterity (+4).
Talismans
 Y - a maw talisman (active)
Wands
 x - a wand of paralysis (27)
 H - a wand of acid (67)
 I - a wand of digging (12)
 P - a wand of roots (57)
 U - a wand of flame (23)
Scrolls
 c - 7 scrolls of fog
 i - 2 scrolls of blinking
 n - 4 scrolls of immolation
 v - 9 scrolls of amnesia
 A - 8 scrolls of vulnerability
 B - 11 scrolls of teleportation
 C - 9 scrolls of fear
 E - 5 scrolls of poison
 K - 2 scrolls of revelation
 Z - a scroll of silence
Potions
 d - 7 potions of ambrosia
 g - a potion of might
 h - a potion of resistance
 p - 28 potions of curing
 r - 11 potions of attraction
 t - 6 potions of mutation
 u - 10 potions of enlightenment
 z - 9 potions of lignification
 G - 12 potions of cancellation
 M - 6 potions of magic
 O - a potion of haste
 V - 3 potions of heal wounds
 X - 2 potions of invisibility
Miscellaneous
 y - a phial of floods
 Q - a tin of tremorstones (2/2)
 R - a phantom mirror
 S - a sack of spiders
 T - a lightning rod (4/4)


   Skills:
 - Level 23.0 Fighting
 - Level 16.0 Long Blades
 - Level 12.6(14.7) Axes
 - Level 12.2(16.3) Maces & Flails
 - Level 12.6(14.6) Staves
 - Level 2.0 Throwing
 - Level 19.0 Dodging
 - Level 4.0 Stealth
 - Level 20.0 Shields
 - Level 10.0 Spellcasting
 - Level 14.0 Translocations
 - Level 14.0 Invocations
 - Level 8.0 Evocations
 + Level 17.3 Shapeshifting


You had 31 spell levels left.
You knew the following spells:

 Your Spells              Type           Power      Damage    Failure   Level
a - Lesser Beckoning      Tloc           78%        N/A       1%          2
b - Manifold Assault      Tloc           39%        N/A       1%          4
c - Passwall              Tmut/Erth      5%         N/A       30%         2
p - Passage of Golubria   Tloc           39%        N/A       1%          4
A - Apportation           Tloc           78%        N/A       1%          1
B - Blink                 Tloc           78%        N/A       1%          2

Your spell library contained the following spells:

 Spells                   Type           Power      Damage    Failure   Level
 Gell's Gravitas          Tloc           39%        N/A       1%          3
 Teleport Other           Tloc           39%        N/A       1%          3
 Portal Projectile        Hex/Tloc       44%        N/A       3%          3
 Vhi's Electric Charge    Tloc/Air       44%        N/A       3%          3
 Dispersal                Tloc           19%        N/A       10%         6
 Iskenderun's Mystic Bla  Conj/Tloc      22%        2d6       12%         4
 Foxfire                  Conj/Fire      24%        2x1d5     21%         1
 Freeze                   Ice            36%        1d5       21%         1
 Magic Dart               Conj           24%        1d4       21%         1
 Necrotise                Necr           24%        1d5       21%         1
 Sandblast                Erth           12%        2d6       21%         1
 Shock                    Conj/Air       24%        1d4       21%         1
 Sting                    Tmut/Pois      24%        1d4       21%         1
 Summon Small Mammal      Summ           24%        N/A       21%         1
 Call Imp                 Summ           12%        N/A       30%         2
 Cigotuvi's Dreadful Rot  Necr/Pois/Air  12%        N/A       30%         2
 Poisonous Vapours        Pois/Air       12%        N/A       30%         2
 Searing Ray              Conj           12%        2d4       30%         2
 Static Discharge         Conj/Air       12%        2-3/arc   30%         2
 Sublimation of Blood     Necr           6%         N/A       30%         2
 Wereblood                Tmut           6%         N/A       30%         2
 Summon Forest            Summ/Tloc      11%        N/A       32%         5
 Frozen Ramparts          Ice            18%        1d3       52%         3
 Hailstorm                Conj/Ice       9%         3d4       52%         3
 Ignite Poison            Fire/Tmut/Pois 6%         N/A       52%         3
 Inner Flame              Hex/Fire       6%         N/A       52%         3
 Mephitic Cloud           Conj/Pois/Air  6%         N/A       52%         3
 Ozocubu's Armour         Ice            9%         N/A       52%         3
 Stone Arrow              Conj/Erth      12%        3d7       52%         3
 Summon Guardian Golem    Hex/Summ       6%         N/A       52%         3
 Tukima's Dance           Hex            6%         N/A       52%         3
 Airstrike                Air            3%         2d(1-17)  90%         4
 Cause Fear               Hex            3%         N/A       90%         4
 Dispel Undead            Necr           6%         3d8       90%         4
 Flame Wave               Conj/Fire      6%         2d5       90%         4
 Fulminant Prism          Conj/Hex       3%         3d5       90%         4
 Leda's Liquefaction      Hex/Erth       3%         N/A       90%         4
 Olgreb's Toxic Radiance  Pois           6%         N/A       90%         4
 Petrify                  Tmut/Erth      6%         N/A       90%         4
 Sticky Flame             Conj/Fire      6%         2d3       90%         4
 Summon Ice Beast         Ice/Summ       9%         N/A       90%         4
 Summon Lightning Spire   Summ/Air       6%         N/A       90%         4
 Alistair's Intoxication  Tmut/Pois      4%         N/A       99%         5
 Arcjolt                  Conj/Air       3%         1d13      99%         5
 Borgnjor's Vile Clutch   Necr/Erth      3%         N/A       99%         5
 Fireball                 Conj/Fire      3%         3d4       99%         5
 Freezing Cloud           Conj/Ice/Air   4%         6-21      99%         5
 Irradiate                Conj/Tmut      3%         3d12      99%         5
 Lee's Rapid Deconstruct  Erth           3%         3d5*      99%         5
 Metabolic Englaciation   Hex/Ice        4%         N/A       99%         5
 Silence                  Hex/Air        3%         N/A       99%         5
 Summon Mana Viper        Hex/Summ       6%         N/A       99%         5
 Yara's Violent Unravell  Hex/Tmut       3%         3d4       99%         5
 Disjunction              Tloc           19%        N/A       99%         8
 Conjure Ball Lightning   Conj/Air       3%         3x3d6     100%        6
 Death Channel            Necr           3%         N/A       100%        6
 Plasma Beam              Fire/Air       3%         2x1d13    100%        6
 Simulacrum               Ice/Necr       4%         N/A       100%        6
 Starburst                Conj/Fire      3%         6d3       100%        6
 Malign Gateway           Summ/Tloc      11%        N/A       100%        7
 Monstrous Menagerie      Summ           3%         N/A       100%        7
 Orb of Destruction       Conj           3%         9d5       100%        7
 Spellforged Servitor     Conj/Summ      3%         N/A       100%        7
 Summon Hydra             Summ           3%         N/A       100%        7
 Discord                  Hex            3%         N/A       100%        8
 Ignition                 Fire           3%         3d4       100%        8
 Lehudib's Crystal Spear  Conj/Erth      3%         10d2      100%        8
 Summon Horrible Things   Summ           3%         N/A       100%        8
 Dragon's Call            Summ           3%         N/A       100%        9


Dungeon Overview and Level Annotations

Branches:
Dungeon (15/15)            Temple (1/1) D:4            Lair (5/5) D:10
  Swamp (4/4) Lair:2       Spider (4/4) Lair:2        Slime (0/5) Lair:5
    Orc (2/2) D:11            Elf (3/3) Orc:2        Vaults (5/5) D:13
  Crypt (3/3) Vaults:3       Tomb (0/3) Crypt:3      Depths (4/4) D:15
    Zot (5/5) Depths:4      Sewer (visited)         Ossuary (visited)
  IceCv (visited)

Altars:
Ashenzari
Cheibriados
Dithmenos
Elyvilon
Fedhas
Gozag
Hepliaklqana
Kikubaaqudgha
Makhleb
Nemelex Xobeh
Okawaru
Qazlal
Ru
Sif Muna
Trog
Uskayaw
Vehumet
Wu Jian
Xom
Yredelemnul
Zin
The Shining One

Shops:
D:2 (   D:10 =   Orc:2 :(=*(*[   Depths:1 *[   Depths:2 [*   Depths:3 !

Portals:
Hell: Depths:1 Depths:2 Depths:3 Depths:4
Abyss: Depths:3
Pandemonium: Orc:2 Depths:2
Ziggurat: Depths:1

Annotations:
D:10 exclusion: 2 doors
D:13 exclusions: death knight and phantasmal warrior
Lair:3 Vorhees's ghost, journeyman GnSu
Lair:5 2 runed translucent doors
Swamp:4 Lernaean hydra; NigelTetley's ghost, adept FoFi
Elf:1 exclusion: orange crystal statue
Elf:2 3 runed translucent doors
Crypt:1 1 exclusion, Khufu
Depths:1 4 runed translucent doors, Cetil's ghost, veteran MfIE; Puodgh's ghost, adept MfGl; Qemnul's ghost, veteran MfIE
Depths:3 Parghit


Innate Abilities, Weirdness & Mutations

You are a creature with a mouth for a stomach.
Your midsection houses a second, enormous mouth.
You can breathe blasts of fire.
Your fiery red scales are hard. (AC +13)
You cannot fit into any form of body armour.
Your flesh is heat resistant. (rF+)
You are cold-blooded and may be slowed by cold attacks.
You have very sharp teeth.
You have a pair of small horns on your head.
You have sharp toenails.
You are very agile. (Dex +8, Str/Int -2)
Your flesh is cold resistant. (rC+)
Your body often deteriorates upon taking damage.
You are very frail. (-20% HP)
Your system is resistant to poisons. (rPois)


Message History

There is a stone staircase leading up here.
You fly upwards.
There is a stone staircase leading down here.
There is a stone staircase leading up here.
You fly upwards.
There is a stone staircase leading down here.
An ice devil comes into view.
There is a stone staircase leading up here.
Danger!
Casting: Manifold Assault (mildly dangerous; 1% risk of failure)
Confirm with . or Enter, or press ? or * to list all spells.
Space momentarily warps into an impossible shape!
You slash the ice devil! You burn the ice devil!
Casting: Manifold Assault (mildly dangerous; 1% risk of failure)
Confirm with . or Enter, or press ? or * to list all spells.
Space momentarily warps into an impossible shape!
You hit the ice devil. You burn the ice devil.
Unknown command.
Casting: Manifold Assault (mildly dangerous; 1% risk of failure)
Confirm with . or Enter, or press ? or * to list all spells.
Space momentarily warps into an impossible shape!
You slice the ice devil!! You burn the ice devil.
You kill the ice devil!
The Shining One accepts your kill.
You feel your power returning.
(D) Dungeon (T) Temple (L) Lair (S) Swamp (N) Spider Nest (M) Slime Pits (O) Orcish Mines (E) Elven Halls (V) Vaults (C) Crypt (W) Tomb (U) Depths (H) Hell (Z) Zot
Where to? (Enter - D:1 @ (x,y), ? - help)
What level of the Dungeon? (default 1, ? - help)
You fly upwards.
There is a stone staircase leading down here.
Magic restored.
There is a stone staircase leading up here.
You fly upwards.
There is a stone staircase leading down here.
There is a staircase leading out of the dungeon here.
Unknown command.
You have escaped!

...##.#.....#...#...#.....#......
...##.#..#...#..#..#...#.........
...##.....#..#..#..#..#....##....
...##......#..#.#.#..#......#.#..
...##...#...#.#.#.#.#...#.....#..
.###.....##..#.#.#.#..##...#.##..
.###.......##.#...#.##.....#.##.#
.............#.....#.........##..
.......######...W...######.#.##..
.####........#.....#.......#.#..[
..###......##.#...#.##.......####
.........##..#.#.#.#..##.........
######..#...#.#.#.#.#...#..######
...........#..#.#.#..#.....#.....
#####.....#..#..#..#..#....#.####
#.#..#...#..#..#...#..##..#..
#.#.....#...#...#.....##)...#


There were no monsters in sight!

Vanquished Creatures
  3 dread liches
  7 orbs of fire (Zot:5)
  Mara (Swamp:2)
  A royal mummy (Crypt:1)
  9 Killer Klowns
  Margery (Vaults:2)
  Saint Roka (Vaults:1)
  A curse toe (Zot:2)
  Xtahua (Depths:3)
  3 pandemonium lords
  5 golden dragons
  Jory (Depths:3)
  2 bone dragons
  2 profane servitors
  4 electric golems
  17 tentacled monstrosities
  26 Orb Guardians
  A walking divine tome (Depths:2)
  3 titans
  2 deep elf blademasters (Elf:3)
  4 liches
  An Executioner (Abyss:3)
  2 deep elf master archers (Elf:3)
  7 quicksilver dragons
  An ancient champion (Crypt:3)
  12 tentacled starspawn
  4 thorn hunters
  10 sphinxes
  7 death cobs
  14 shadow dragons
  Donald (Spider:3)
  14 storm dragons
  6 tengu reavers
  A revenant (Crypt:3)
  4 draconian monks
  2 fenstrider witches
  7 fire giants
  An emperor scorpion (shapeshifter) (Depths:3)
  8 frost giants
  8 draconian knights
  2 emperor scorpions (Spider:4)
  6 draconian scorchers
  6 deep elf sorcerers
  A balrug (D:8)
  14 vault wardens
  2 iron dragons
  4 draconian shifters
  A juggernaut zombie (Crypt:3)
  12 ghouls
  2 orc warlords
  10 ghost moths
  11 draconian stormcallers
  2 curse skulls (Crypt:2)
  A shard shrike simulacrum (Crypt:3)
  A spriggan defender (Swamp:4)
  12 stone giants
  19 ironbound preservers
  2 war gargoyles (Vaults:5)
  2 draconian annihilators
  4 deep elf elementalists
  19 very ugly things
  A broodmother (Lair:2)
  5 ironbound thunderhulks
  5 formless jellyfish
  A cacodemon (Abyss:3)
  2 reapers
  A starflower (Abyss:3)
  15 green draconians
  6 vampire knights
  6 dire elephants
  Nessos (Lair:5)
  17 black draconians
  A lorocyproca (Zot:3)
  5 deep elf demonologists
  9 eleionomae
  11 yellow draconians
  4 white draconians
  2 pale draconians (Depths:4)
  7 bunyips
  6 deep elf annihilators (Elf:3)
  6 spark wasps
  10 purple draconians
  10 red draconians
  A crystal guardian (Vaults:2)
  3 eidola
  2 mummy priests (Crypt:1)
  9 ettins
  3 blizzard demons (Abyss:3)
  A merfolk javelineer (Depths:2)
  18 jiangshi
  8 deep elf death magi
  A merfolk impaler (Abyss:3)
  4 entropy weavers
  2 green deaths
  6 deep elf high priests
  10 fire dragons
  3 great orbs of eyes
  3 shambling mangroves
  Josephine (Orc:2)
  12 yaktaur captains
  4 rakshasas
  2 peacekeepers
  An anaconda (shapeshifter) (Vaults:5)
  4 ice dragons
  A ghost crab (Swamp:2)
  7 radroaches
  27 hydras
  The ghost of NigelTetley the Cleaver, a journeyman FoFi of Zin (D:12)
  2 hell beasts
  6 spriggan air magi
  10 ironbound frosthearts
  2 centaur warriors
  30 vault guards
  4 caustic shrike simulacra (IceCv)
  2 jorogumos
  A spriggan zombie (Crypt:3)
  A catoblepas (D:15)
  7 two-headed ogres
  2 demonspawn (Orc:2)
  8 deep troll shamans
  8 boulder beetles
  3 death yaks (Lair:3)
  7 death knights
  A hell hog (Depths:2)
  12 alligators
  5 tengu warriors
  12 deep troll earth magi
  12 thrashing horrors
  13 dancing weapons
  15 hell knights
  4 vampire magi
  8 demonic crawlers
  5 spriggan berserkers
  8 orc high priests
  A soul eater (Depths:2)
  3 wretched stars
  3 sun demons
  23 skeletal warriors
  15 deep elf knights
  6 shadow wraiths
  2 skysharks (Lair:5)
  9 sun moths
  8 iron trolls
  11 pharaoh ants
  2 spatial maelstroms (Abyss:3)
  10 goliath frogs
  A death drake (shapeshifter) (Vaults:5)
  3 spriggan druids (Swamp:3)
  A storm dragon skeleton (Crypt:1)
  83 deep trolls
  19 swamp dragons
  3 sixfirhies
  A bunyip zombie (Crypt:3)
  5 flayed ghosts
  17 orb spiders
  22 deep elf archers
  10 orc knights
  9 wizards
  16 ironbound convokers
  A bunyip skeleton (Crypt:1)
  13 bog bodies
  4 glowing orange brains
  4 lindwurms
  10 steelbarb worms
  An iron dragon zombie (Crypt:1)
  2 orange crystal statues (IceCv)
  21 phantasmal warriors
  4 necromancers
  A steelbarb worm (shapeshifter) (Vaults:5)
  38 deep elf zephyrmancers
  31 deep elf pyromancers
  A spectral fire dragon (Crypt:2)
  2 will-o-the-wisps
  10 orc sorcerers
  21 wolf spiders
  A sphinx skeleton (Crypt:1)
  4 spectral ice dragons (Crypt:2)
  31 moths of wrath
  3 worldbinders
  5 cyclopes
  45 ugly things
  An apocalypse crab (Abyss:3)
  18 elephants
  15 vault sentinels
  2 elephants (shapeshifter) (Vaults:5)
  4 torpor snails
  A guardian serpent (Abyss:3)
  A rust devil (Orc:2)
  3 molten gargoyles
  9 black mambas
  2 gargoyles
  9 cane toads
  8 smoke demons
  An orange demon (Abyss:3)
  2 unseen horrors (Abyss:3)
  4 rime drakes
  5 freezing wraiths
  2 golden dragon simulacra (IceCv)
  A white draconian zombie (Crypt:1)
  30 yaktaurs
  A kobold demonologist (D:10)
  13 komodo dragons
  4 guardian mummies (Crypt:1)
  An anaconda simulacrum (IceCv)
  A swamp worm zombie (Crypt:2)
  2 efreet
  An ice devil (D:3)
  A black draconian skeleton (Crypt:1)
  6 trolls
  A tengu conjurer (Depths:1)
  7 tyrant leeches
  A queen bee (shapeshifter) (D:13)
  2 red devils
  A hellwing (Abyss:3)
  4 meliai
  4 polar bears
  8 ancient zymes
  A harpy zombie (Abyss:2)
  A sea snake skeleton (Crypt:1)
  21 tarantellas
  7 dream sheep
  16 hornets
  A raiju (shapeshifter) (Abyss:3)
  4 raiju
  Prince Ribbit (D:6)
  14 blink frogs
  27 jumping spiders
  16 large abominations
  A slime creature (shapeshifter) (Vaults:5)
  A meliai zombie (Crypt:1)
  A jumping spider (shapeshifter) (Vaults:5)
  69 flying skulls
  Sigmund (D:2)
  37 slime creatures
  26 culicivoras
  A vampire (D:12)
  2 ynoxinuls (Abyss:3)
  4 shadows (Crypt:3)
  An air elemental (Elf:1)
  16 spriggans
  10 water elementals
  6 wyverns
  14 wraiths
  44 yaks
  4 fire elementals
  17 small abominations
  8 basilisks
  9 humans (D:13)
  25 vampire mosquitoes
  2 fire bats (Abyss:3)
  23 starcursed masses
  6 steam dragons
  A catoblepas simulacrum (Lair:3)
  65 redbacks
  9 neqoxecs
  A water nymph zombie (Crypt:2)
  Edmund (D:6)
  2 spatial vortices (Abyss:3)
  10 wargs
  5 acid dragons
  2 harpy simulacra (IceCv)
  24 swamp worms
  Duvessa (D:6)
  10 water moccasins
  3 hell hounds (Lair:5)
  3 hydra simulacra (IceCv)
  49 orc warriors
  9 swamp drakes
  An alligator simulacrum (IceCv)
  3 ice beasts
  A black bear (D:6)
  A lindwurm zombie (Crypt:2)
  12 wolves
  2 ettin simulacra (IceCv)
  4 ogres
  9 centaurs
  2 phantoms
  2 kobold brigands
  A rime drake zombie (Crypt:2)
  8 necrophages
  11 bullfrogs
  An earth elemental (Elf:3)
  2 wyvern zombies (Ossuary)
  A draconian zombie (Crypt:2)
  2 gnoll sergeants
  6 scorpions
  An elf skeleton (Crypt:2)
  10 wights
  Dowan (D:6)
  An elephant simulacrum (Lair:3)
  2 lindwurm simulacra (IceCv)
  8 killer bees
  A yak skeleton (Crypt:2)
  A dream sheep simulacrum (Lair:3)
  An electric eel (D:15)
  7 bullfrog zombies (Ossuary)
  5 lava snakes (Lair:5)
  2 quasits (Abyss:2)
  3 centaur zombies (Ossuary)
  28 orc priests
  5 hounds
  6 iguanas
  4 iron imps
  16 jellies
  17 mummies (Ossuary)
  A sleepcap (D:6)
  Terence (D:3)
  20 orc wizards
  2 killer bee zombies (Ossuary)
  A tengu skeleton (Crypt:2)
  An ice beast zombie (Crypt:1)
  A hound zombie (Crypt:2)
  A howler monkey zombie (Ossuary)
  15 gnolls
  14 adders
  6 river rats (Sewer)
  2 shadow imps (Abyss:3)
  A white imp (D:5)
  3 ufetubi
  A worm zombie (D:8)
  An adder skeleton (Crypt:2)
  A worm (D:3)
  2 dart slugs
  98 orcs
  A bat skeleton (Crypt:1)
  7 endoplasms
  6 giant cockroaches
  8 goblins
  9 hobgoblins
  A jackal (Sewer)
  A kobold (shapeshifter) (Vaults:1)
  9 quokkas
  11 ball pythons
  14 bats
  3 frilled lizards
  A gnoll skeleton (Crypt:2)
  26 kobolds
  5 rats
  A rat zombie (D:8)
  3 starspawn tentacles
2601 creatures vanquished.

Vanquished Creatures (collateral kills)
  A very ugly thing (Depths:3)
  A jelly (D:4)
  2 adders (Sewer)
  An endoplasm (Sewer)
5 creatures vanquished.

Vanquished Creatures (others)
  Mennas (Depths:4)
  A lich (Zot:5)
  Asterion (Spider:3)
  A shadow dragon (Zot:2)
  2 ghost moths
  An eleionoma (Swamp:3)
  A rakshasa (Depths:2)
  A shock serpent (shapeshifter) (Vaults:5)
  A deep elf knight (Elf:1)
  A deep elf pyromancer (Elf:2)
  An ironbound convoker (Vaults:2)
  2 deep elf zephyrmancers
  3 bloated husks
  A jumping spider (Spider:1)
  A vampire mosquito (Swamp:3)
  A small abomination (Abyss:3)
  A gnoll (D:4)
  An orc (Elf:2)
  An endoplasm (D:4)
  12 foxfires
  30 starspawn tentacles
65 creatures vanquished.

Grand Total: 2671 creatures vanquished

Notes
Turn   | Place    | Note
-------+----------+-------------------------------------------
     0 | D:1      | aesen the Draconian Chaos Knight began the quest for the
                  | Orb.
     0 | D:1      | Reached XP level 1. HP: 19/19 MP: 1/1
    99 | D:1      | XOM: silly message
   276 | D:1      | Reached skill level 4 in Fighting
   276 | D:1      | Reached XP level 2. HP: 27/27 MP: 2/2
   346 | D:1      | Reached skill level 1 in Maces & Flails
   527 | D:1      | XOM: noise
  1094 | D:2      | Reached XP level 3. HP: 33/33 MP: 3/3
  1121 | D:2      | Noticed Sigmund
  1245 | D:2      | Found a faded altar of an unknown god.
  1272 | D:2      | Found an iron altar of Okawaru.
  1358 | D:2      | XOM: give mutations
  1358 | D:2      | Gained mutation: You are vulnerable to heat. (rF-) [Xom's
                  | mischief]
  1358 | D:2      | Gained mutation: You are frail. (-10% HP) [Xom's mischief]
  1358 | D:2      | Gained mutation: You have hidden genetic defects. [Xom's
                  | mischief]
  1358 | D:2      | Lost mutation: You are vulnerable to heat. (rF-) [Xom's
                  | mischief]
  1435 | D:2      | XOM: confuse monster(s)
  1442 | D:2      | XOM: smoke on damage
  1452 | D:2      | Gained mutation: You occasionally lose the ability to drink
                  | potions when taking damage. [hidden defects]
  1537 | D:2      | Found Butz's Weapon Emporium.
  1858 | D:2      | XOM: give mutations
  1858 | D:2      | Gained mutation: Your system is resistant to poisons.
                  | (rPois) [Xom's mischief]
  1858 | D:2      | Lost mutation: You occasionally lose the ability to drink
                  | potions when taking damage. [Xom's mischief]
  1908 | D:3      | Reached XP level 4. HP: 36/36 MP: 4/4
  1913 | D:3      | Gained mutation: Your spells are a little easier to cast,
                  | but a little less powerful. [hidden defects]
  1913 | D:3      | Lost mutation: You have hidden genetic defects. [hidden
                  | defects expressed]
  1995 | D:3      | Found a glowing drain.
  2036 | Sewer    | Entered a sewer
  2100 | Sewer    | XOM: summons 4 friendly demons
  2255 | Sewer    | XOM: smoke on damage
  2266 | Sewer    | XOM: polymorph river rat -> frilled lizard
  2274 | Sewer    | XOM: smoke on damage
  2389 | Sewer    | Reached XP level 5. HP: 38/41 MP: 5/5
  2676 | Sewer    | XOM: potion effect (brilliance)
  2682 | Sewer    | Reached skill level 5 in Fighting
  2830 | Sewer    | XOM: noise
  2919 | Sewer    | XOM: noise
  2945 | Sewer    | XOM: divination: detect items
  2954 | Sewer    | Reached skill level 1 in Throwing
  3398 | D:3      | Noticed Terence
  3415 | D:3      | Killed Terence
  3431 | D:3      | Reached XP level 6. HP: 38/50 MP: 6/6
  3594 | D:3      | XOM: cloud trail
  3718 | D:3      | XOM: scenery: create altars
  3866 | D:4      | Found a staircase to the Ecumenical Temple.
  3892 | D:4      | XOM: 2-stop teleportation journey
  3967 | D:4      | XOM: destruction
  4048 | D:4      | XOM: god gift: staff of air
  4165 | D:4      | Reached skill level 1 in Evocations
  4298 | D:4      | XOM: confuse monster(s)
  4392 | D:4      | XOM: scenery: 1 doors close
  4621 | D:4      | Your scales start taking on a fiery red colour.
  4621 | D:4      | Reached XP level 7. HP: 47/54 MP: 7/7
  4621 | D:4      | Gained mutation: Your flesh is heat resistant. (rF+) [Red
                  | Draconian growth]
  4680 | D:5      | Entered Level 5 of the Dungeon
  4790 | D:5      | Found a bloodstained altar of Trog.
  4897 | D:5      | XOM: scenery: summon butterflies
  4931 | D:5      | XOM: 1-stop teleportation journey
  4938 | D:5      | Noticed a steam dragon
  4955 | D:5      | Killed a steam dragon
  4956 | D:5      | Reached skill level 5 in Maces & Flails
  5023 | D:5      | Reached XP level 8. HP: 61/61 MP: 8/8
  5066 | D:5      | Found a blossoming altar of Fedhas.
  5066 | D:5      | Found a shadowy altar of Dithmenos.
  5124 | D:6      | XOM: noise
  5153 | D:4      | XOM: give mutations
  5153 | D:4      | Gained mutation: You are agile. (Dex +4, Str/Int -1) [Xom's
                  | grace]
  5153 | D:4      | Gained mutation: You are very agile. (Dex +8, Str/Int -2)
                  | [Xom's grace]
  5274 | D:2      | Killed Sigmund
  5333 | D:6      | Reached skill level 6 in Fighting
  5346 | D:6      | XOM: give mutations
  5346 | D:6      | Gained mutation: You have very sharp teeth. [Xom's grace]
  5346 | D:6      | Lost mutation: Your spells are a little easier to cast, but
                  | a little less powerful. [Xom's grace]
  5358 | D:6      | XOM: divination: detect creatures
  5388 | D:6      | XOM: scenery: summon butterflies
  5394 | D:6      | Noticed Edmund
  5419 | D:5      | XOM: give mutations
  5419 | D:5      | Gained mutation: You have a pair of small horns on your
                  | head. [Xom's grace]
  5419 | D:5      | Gained mutation: You possess an exceptional clarity of
                  | mind. [Xom's grace]
  5419 | D:5      | Gained mutation: Your flesh is cold resistant. (rC+) [Xom's
                  | grace]
  5419 | D:5      | Gained mutation: You have sharp toenails. [Xom's grace]
  5512 | D:6      | Killed Edmund
  5778 | D:6      | Reached skill level 5 in Dodging
  5816 | D:6      | Reached XP level 9. HP: 64/67 MP: 9/9
  5828 | D:6      | XOM: cloud trail
  5901 | D:6      | Noticed Dowan
  5902 | D:6      | Noticed Duvessa
  5909 | D:6      | Killed Duvessa
  5927 | D:6      | Killed Dowan
  6275 | D:6      | Noticed Prince Ribbit
  6277 | D:6      | XOM: destruction
  6279 | D:6      | Killed Prince Ribbit
  6765 | D:6      | XOM: divination: detect creatures
  6844 | Temple   | Entered the Ecumenical Temple
  6990 | D:7      | Found a glowing silver altar of Zin.
  7099 | D:7      | XOM: god gift: morningstar {god gift}
  7168 | D:7      | XOM: god gift: book of Alchemy
  7232 | D:7      | Identified the +4 lajatang of Vamuwn {elec, *Rage rElec
                  | Dex+3}
  7319 | D:7      | Found a white marble altar of Elyvilon.
  7564 | D:7      | Fell from the grace of Xom
  7564 | D:7      | Became a worshipper of Zin the Law-Giver
  7564 | D:7      | Reached * piety under Zin
  7564 | D:7      | Reached ** piety under Zin
  7591 | D:8      | Reached skill level 1 in Staves
  7769 | D:8      | Reached skill level 5 in Staves
  7769 | D:8      | Reached XP level 10. HP: 34/74 MP: 10/10
  7822 | D:8      | Found an ornate altar of the Wu Jian Council.
  7891 | D:8      | Found a sand-covered staircase.
  7914 | Ossuary  | Entered an ossuary
  7950 | Ossuary  | Reached skill level 1 in Invocations
  7996 | Ossuary  | Reached *** piety under Zin
  8341 | D:8      | Found a broken altar of Ashenzari.
  8344 | D:8      | Found an iron altar of Okawaru.
  8345 | D:8      | Found an ancient bone altar of Kikubaaqudgha.
  8354 | D:8      | Found an opulent altar of Gozag.
  8518 | D:8      | XOM: noise
  8634 | D:9      | Reached skill level 7 in Fighting
  8657 | D:9      | Reached **** piety under Zin
  8664 | D:9      | XOM: silly message
  8761 | D:9      | XOM: silly message
  8895 | D:9      | XOM: divination: magic mapping
  8915 | D:9      | XOM: 2-stop teleportation journey
  9035 | D:9      | Found a glowing golden altar of the Shining One.
  9037 | D:9      | Noticed an angel
  9052 | D:9      | Found a basalt altar of Yredelemnul.
  9331 | D:9      | Reached skill level 5 in Invocations
  9344 | D:9      | Reached skill level 8 in Fighting
  9413 | D:9      | XOM: divination: detect creatures
  9635 | D:10     | Entered Level 10 of the Dungeon
  9746 | D:10     | XOM: enchant monster (bad)
  9804 | D:10     | XOM: 4-stop teleportation journey
  9852 | D:10     | Found Jeonou's Jewellery Shop.
  9947 | D:10     | Found a staircase to the Lair.
  9955 | D:10     | Reached XP level 11. HP: 85/85 MP: 14/14
  9961 | D:10     | Reached skill level 9 in Fighting
 10160 | D:10     | Reached ***** piety under Zin
 10374 | D:10     | Noticed a two-headed ogre
 10466 | Lair:1   | Entered Level 1 of the Lair of Beasts
 10586 | Lair:1   | Found a radiant altar of Vehumet.
 11315 | Lair:2   | Found a hole to the Spider Nest.
 11330 | Lair:2   | Identified the +0 giant club of the Cursing Bear {flame,
                  | rElec rPois rF+ rCorr}
 11424 | Lair:2   | Noticed a five-headed hydra
 11430 | Lair:2   | Noticed an eight-headed hydra
 11530 | Lair:2   | Killed an eight-headed hydra
 11584 | Lair:2   | Killed a five-headed hydra
 11716 | Lair:2   | Found a staircase to the Swamp.
 11799 | Lair:2   | Reached XP level 12. HP: 93/93 MP: 15/17
 11997 | Lair:2   | XOM: cleaving
 12003 | Lair:2   | You are sucked into a shaft and drop 1 floor!
 12254 | Lair:3   | Reached skill level 10 in Staves
 12327 | Lair:3   | Reached skill level 10 in Dodging
 12435 | Lair:3   | Noticed a death yak
 12435 | Lair:3   | Noticed a death yak
 12436 | Lair:3   | Noticed a death yak
 12453 | Lair:3   | Killed a death yak
 12454 | Lair:3   | Reached skill level 1 in Stealth
 12457 | Lair:3   | Killed a death yak
 12459 | Lair:3   | Killed a death yak
 12472 | Lair:3   | XOM: 7-stop teleportation journey
 12547 | Lair:3   | Noticed a five-headed hydra
 12553 | Lair:3   | Killed a five-headed hydra
 12559 | Lair:3   | Found a runed translucent gate.
 12560 | Lair:3   | Found a runed translucent gate.
 12561 | Lair:3   | Found a runed translucent gate.
 12608 | Lair:3   | XOM: give mutations
 12705 | Lair:3   | Noticed an ice dragon
 12705 | Lair:3   | Noticed Vorhees's ghost (journeyman GnSu)
 12740 | Lair:3   | XOM: give mutations
 13041 | Lair:2   | Noticed a seven-headed hydra
 13145 | Lair:2   | Killed a seven-headed hydra
 13524 | Lair:4   | Noticed a four-headed hydra
 13532 | Lair:4   | Reached XP level 13. HP: 93/99 MP: 19/19
 13629 | Lair:4   | Reached ****** piety under Zin
 13819 | Lair:4   | XOM: divination: magic mapping
 14104 | Lair:4   | Identified the +2 war axe of the Healing Priest {vamp,
                  | rElec}
 14269 | Lair:5   | Entered Level 5 of the Lair of Beasts
 14305 | Lair:4   | Reached skill level 5 in Evocations
 14875 | Lair:5   | XOM: noise
 14970 | Lair:4   | XOM: noise
 15105 | Lair:5   | Identified the ring "Aphill" {Wiz SInv Stlth+}
 15138 | Lair:5   | Reached skill level 10 in Invocations
 15142 | Lair:5   | Found a staircase to the Slime Pits.
 15231 | Lair:5   | Noticed Nessos
 15244 | Lair:5   | Killed Nessos
 15521 | Lair:5   | Reached skill level 10 in Fighting
 15800 | Lair:5   | Found a large runed translucent door.
 15801 | Lair:5   | Found a large runed translucent door.
 15931 | Lair:5   | Reached XP level 14. HP: 109/109 MP: 21/21
 15949 | Lair:5   | Found the +5 scythe "Finisher" {speed, execute}
 16942 | D:10     | Reached skill level 11 in Fighting
 16943 | D:10     | XOM: noise
 17234 | D:11     | Found a staircase to the Orcish Mines.
 17595 | D:11     | XOM: swap monsters
 17595 | D:11     | Was forgiven by Xom
 17609 | D:11     | Identified the +10 short sword "Somer" {holy, rElec rPois
                  | Str+4}
 18009 | D:10     | Bought a ring of willpower for 400 gold pieces
 18044 | Orc:1    | Entered Level 1 of the Orcish Mines
 18463 | Orc:2    | Entered Level 2 of the Orcish Mines
 18517 | Orc:1    | Reached skill level 12 in Fighting
 18648 | Orc:2    | Found Zanicaen's Book Boutique.
 18659 | Orc:2    | Noticed Josephine
 18679 | Orc:2    | Killed Josephine
 18767 | Orc:2    | Found a staircase to the Elven Halls.
 18892 | Orc:2    | Paralysed by an orc sorcerer for 2 turns
 18940 | Orc:2    | Noticed an orc warlord
 19093 | Orc:2    | Killed an orc warlord
 19144 | Orc:2    | Found Safaoxte's Antique Weapon Boutique.
 19364 | Orc:2    | Found Guoxuaf's General Store.
 19486 | Orc:2    | Found Kafautomar's General Store.
 19493 | Orc:2    | Reached skill level 10 in Maces & Flails
 19526 | Orc:2    | Bought a scroll of identify for 26 gold pieces
 19550 | Orc:2    | Reached skill level 1 in Axes
 19663 | Orc:2    | Found Ralulex's Armour Emporium.
 20278 | Orc:2    | Reached skill level 5 in Axes
 20522 | Orc:2    | Found Zocang's Jewellery Emporium.
 20522 | Orc:2    | Found Ycas's Antique Weapon Shoppe.
 20522 | Orc:2    | Found a one-way gate leading to the halls of Pandemonium.
 20528 | Orc:2    | Bought an amulet of regeneration for 540 gold pieces
 20708 | Orc:2    | Bought a +2 heavy broad axe for 230 gold pieces
 20913 | D:12     | Found a runed translucent gate.
 20973 | D:12     | Reached XP level 15. HP: 118/118 MP: 22/22
 20978 | D:12     | Found a runed translucent gate.
 20978 | D:12     | Noticed NigelTetley's ghost (journeyman FoFi)
 21209 | D:12     | Found a runed translucent gate.
 21353 | D:12     | Killed NigelTetley's ghost
 21406 | D:12     | Identified the +0 cloak "Fieteclu" {+Blink}
 21418 | D:12     | Learned a level 1 spell: Apportation
 21421 | D:12     | Learned a level 2 spell: Blink
 21424 | D:12     | Learned a level 2 spell: Lesser Beckoning
 21429 | D:12     | Learned a level 4 spell: Manifold Assault
 21613 | D:13     | Reached skill level 1 in Spellcasting
 21613 | D:13     | Reached skill level 1 in Translocations
 21729 | D:13     | Found a gate to the Vaults.
 23037 | D:14     | Got the Directory of Charred Terrain
 23534 | D:15     | Entered Level 15 of the Dungeon
 23762 | D:15     | Reached skill level 5 in Translocations
 23929 | D:15     | Reached skill level 5 in Spellcasting
 24205 | Spider:1 | Entered Level 1 of the Spider Nest
 24262 | Swamp:1  | Entered Level 1 of the Swamp
 24680 | D:15     | Reached skill level 1 in Shields
 24787 | D:15     | Found a staircase to the Depths.
 24902 | D:15     | Found an iron altar of Okawaru.
 25457 | Lair:2   | Reached XP level 16. HP: 61/125 MP: 25/25
 25955 | Spider:1 | Reached skill level 5 in Shields
 28213 | Spider:2 | Identified the +8 great mace "Kof Rech" {heavy, rPois Will+
                  | rCorr}
 28623 | Spider:2 | Reached skill level 10 in Shields
 29008 | Spider:3 | Noticed Donald
 30186 | Spider:3 | Noticed Asterion
 30252 | Spider:3 | Killed Asterion
 30276 | Spider:3 | Killed Donald
 30341 | Spider:3 | Reached skill level 10 in Axes
 30420 | Spider:3 | Reached XP level 17. HP: 47/131 MP: 11/26
 32301 | Swamp:2  | Reached skill level 13 in Fighting
 32873 | Lair:3   | Got the ring "Qemec" {Fire Int+3}
 32877 | Lair:3   | Identified the ring of the Irksome Banana {*Slow rPois rF++
                  | rCorr EV+5 Int+4}
 33694 | Swamp:3  | Noticed Mara
 33806 | Swamp:3  | Reached skill level 14 in Fighting
 34358 | Swamp:4  | Entered Level 4 of the Swamp
 34417 | Swamp:3  | Reached XP level 18. HP: 97/144 MP: 27/27
 34670 | Swamp:3  | Noticed aesen's illusion
 35030 | Swamp:4  | Noticed the 27-headed Lernaean hydra
 35116 | Swamp:4  | Found a transporter.
 35116 | Swamp:4  | Found a transporter.
 35125 | Swamp:4  | Noticed NigelTetley's ghost (adept FoFi)
 35126 | Swamp:4  | Found a bloodstained altar of Trog.
 35300 | Swamp:4  | Got a decaying rune of Zot
 35539 | Spider:4 | Entered Level 4 of the Spider Nest
 35553 | Spider:4 | Upgraded the game from 0.31-a0-369-g8eba5f6939 to
                  | 0.31-a0-408-gb642c7f9a3
 35553 | Spider:4 | Upgraded the game from 0.31-a0-408-gb642c7f9a3 to
                  | 0.31-a0-426-g3a05650e59
 36065 | Spider:4 | Found a frozen archway.
 36074 | IceCv    | Entered an ice cave
 37553 | Spider:4 | Reached XP level 19. HP: 122/150 MP: 17/28
 37635 | Spider:4 | Reached skill level 15 in Shields
 37927 | Spider:4 | Got a gossamer rune of Zot
 38225 | Elf:1    | Entered Level 1 of the Elven Halls
 38251 | Orc:2    | Upgraded the game from 0.31-a0-426-g3a05650e59 to
                  | 0.31-a0-431-g88bdf31460
 39313 | Elf:1    | Got the Reference Book on Impulse and Company
 39377 | Elf:1    | Paralysed by an air elemental for 1 turns
 39384 | Elf:1    | Paralysed by an air elemental for 1 turns
 39388 | Elf:1    | Paralysed by an air elemental for 1 turns
 40318 | Elf:1    | Reached skill level 15 in Fighting
 40462 | Elf:1    | Upgraded the game from 0.31-a0-431-g88bdf31460 to
                  | 0.31-a0-435-g2c6fae2916
 41271 | Elf:2    | Found a runed translucent gate.
 41272 | Elf:2    | Found a runed translucent gate.
 41272 | Elf:2    | Found a runed translucent gate.
 41543 | Elf:3    | Entered Level 3 of the Elven Halls
 42581 | Vaults:1 | Entered Level 1 of the Vaults
 42668 | Vaults:1 | Reached skill level 16 in Fighting
 43008 | Vaults:1 | Reached XP level 20. HP: 43/162 MP: 30/32
 43405 | Vaults:1 | Reached skill level 10 in Translocations
 43931 | Vaults:1 | Noticed Saint Roka
 43967 | Vaults:1 | Killed Saint Roka
 44329 | Elf:3    | Upgraded the game from 0.31-a0-435-g2c6fae2916 to
                  | 0.31-a0-460-g9e667d4245
 44355 | Elf:3    | Identified the amulet "Sixt" {RegenMP Will++ MP+9}
 44516 | Elf:3    | Identified the +9 short sword "Ustruruno" {flame, Drain rN+
                  | Will+}
 44516 | Elf:3    | Identified the ring "Kofiuseq" {Ice rElec MP-9 Str+5
                  | Stlth+}
 44538 | Elf:3    | Reached skill level 17 in Fighting
 44653 | Elf:3    | Identified the +6 trident "Eneon" {freeze, rF+}
 44678 | Elf:3    | Identified the +2 dire flail "Plog" {venom, Drain Str+6
                  | Dex+6}
 44679 | Elf:3    | Identified the +9 scimitar of the Stopping Scavenger
                  | {venom, *Rage rN+++ Str-4 Int+5}
 44706 | Elf:3    | Got the Lessons on the Collective Geologist
 44740 | Elf:3    | Found the +2 Maxwell's thermic engine {flame, freeze, rev}
 44743 | Elf:3    | Got the Almanac of Sickening Refrigeration
 44807 | Elf:3    | Identified the +1 chain mail of Daisies {Rampage rF++ Str+2
                  | Dex-5}
 44824 | Elf:3    | Found the +9 sword of Power {lifebolt}
 44850 | Elf:3    | Identified the +4 flail of Reapportionment {speed, Dex+2}
 45012 | Orc:2    | Bought a +6 ring of dexterity for 648 gold pieces
 45270 | Vaults:2 | Paralysed by a formless jellyfish for 1 turns
 45824 | Vaults:2 | Reached skill level 5 in Long Blades
 47001 | Vaults:2 | Reached skill level 15 in Dodging
 47142 | Vaults:3 | Noticed Margery
 47285 | Vaults:2 | Killed Margery
 47628 | Vaults:3 | Reached XP level 21. HP: 160/171 MP: 33/33
 47696 | Vaults:3 | Paralysed by a formless jellyfish for 1 turns
 48368 | Vaults:3 | Found a staircase to the Crypt.
 49005 | Swamp:3  | Noticed aesen's illusion
 49011 | Swamp:2  | Noticed aesen's illusion
 49023 | Swamp:2  | Killed Mara
 49677 | Swamp:4  | Identified a scroll of acquirement
 49678 | Swamp:4  | Acquired the ring of Ignis, Blushing {Int+6 Dex+4}
 50575 | Vaults:4 | Reached skill level 10 in Long Blades
 51740 | D:10     | Bought a ring of protection from fire for 400 gold pieces
 51850 | Depths:1 | Entered Level 1 of the Depths
 52237 | Depths:1 | Found an ornate altar of the Wu Jian Council.
 52291 | Depths:1 | Found a runed translucent gate.
 52313 | Depths:1 | Found a runed translucent gate.
 52314 | Depths:1 | Found a runed translucent gate.
 52315 | Depths:1 | Noticed Cetil's ghost (veteran MfIE)
 52315 | Depths:1 | Noticed Puodgh's ghost (adept MfGl)
 52315 | Depths:1 | Noticed Qemnul's ghost (veteran MfIE)
 52316 | Depths:1 | Noticed Puodgh's ghost (adept MfGl)
 52399 | Depths:1 | Found a runed translucent door.
 52400 | Depths:1 | Noticed a golden dragon
 52414 | Depths:1 | Found Aphirev's Armour Shop.
 52432 | Depths:1 | Found Oluddo Taec's Elemental Accessories.
 52555 | Depths:1 | Found a one-way gateway to a ziggurat.
 52677 | Depths:1 | Found a gateway to Hell.
 52754 | Depths:1 | Reached XP level 22. HP: 155/179 MP: 11/34
 53359 | Depths:2 | Found Lom Vomu's Assorted Antiques.
 53373 | Depths:2 | Bought 3 potions of heal wounds for 615 gold pieces
 53528 | Depths:2 | Identified the +2 glaive of True Grit {holy, Str+3}
 54071 | Depths:2 | Identified the +2 robe of Bugrom {rElec rPois Str-2 Dex+2}
 54250 | Depths:2 | Found Taolety's Armour Boutique.
 54661 | Depths:3 | Noticed a golden dragon
 54690 | Depths:3 | Killed a golden dragon
 54729 | Depths:3 | Noticed a golden dragon
 54752 | Depths:3 | Killed a golden dragon
 54760 | Depths:3 | Noticed a golden dragon
 54788 | Depths:3 | Noticed Xtahua
 55040 | Depths:3 | Noticed Jory
 55058 | Depths:3 | Killed Jory
 55110 | Depths:3 | Killed Xtahua
 55300 | Depths:3 | Killed a golden dragon
 55301 | Depths:3 | Noticed Parghit
 55318 | Depths:3 | Found Adaackes's Distillery.
 55871 | Depths:4 | Entered Level 4 of the Depths
 55969 | Depths:4 | Learned a level 4 spell: Passage of Golubria
 56613 | Depths:4 | Noticed Mennas
 56614 | Depths:4 | FUCK mennas
 57041 | Depths:3 | Found a hazy altar of Hepliaklqana.
 57110 | Depths:3 | Found a one-way gate to the infinite horrors of the Abyss.
 57115 | Depths:3 | Voluntarily entered the Abyss.
 57241 | Abyss:2  | Found a corrupted altar of Lugonu.
 57273 | Abyss:2  | Reached XP level 23. HP: 178/184 MP: 14/36
 57619 | Abyss:3  | Found a corrupted altar of Lugonu.
 57771 | Abyss:3  | Found a corrupted altar of Lugonu.
 57778 | Depths:3 | Escaped the Abyss
 57970 | Depths:3 | Voluntarily entered the Abyss.
 58001 | Abyss:3  | Found a corrupted altar of Lugonu.
 58060 | Abyss:3  | Found a corrupted altar of Lugonu.
 58133 | Abyss:3  | Reached skill level 15 in Long Blades
 58161 | Abyss:3  | Reached skill level 10 in Spellcasting
 58162 | Abyss:3  | Found a corrupted altar of Lugonu.
 58169 | Abyss:3  | Found a corrupted altar of Lugonu.
 58914 | Abyss:3  | Got an abyssal rune of Zot
 59057 | Abyss:3  | Found a corrupted altar of Lugonu.
 59090 | Abyss:3  | Found a corrupted altar of Lugonu.
 59097 | Depths:3 | Escaped the Abyss
 59396 | D:9      | Fell from the grace of Zin
 59396 | D:9      | Became a worshipper of the Shining One
 59396 | D:9      | Reached * piety under the Shining One
 59396 | D:9      | Reached ** piety under the Shining One
 59396 | D:9      | Reached *** piety under the Shining One
 59396 | D:9      | Reached **** piety under the Shining One
 59661 | Crypt:1  | Entered Level 1 of the Crypt
 59862 | Crypt:1  | Reached ***** piety under the Shining One
 59880 | Crypt:1  | Noticed a royal mummy
 59905 | Crypt:1  | Reached skill level 1 in Shapeshifting
 59916 | Crypt:1  | Killed a royal mummy
 61425 | Crypt:1  | Identified the staff "Botiogh" {Str+5 Earth}
 61425 | Crypt:1  | Noticed Khufu
 61680 | Crypt:2  | Reached ****** piety under the Shining One
 62406 | Crypt:2  | Reached skill level 5 in Shapeshifting
 62416 | Crypt:2  | Found the +8 arc blade {discharge, rElec}
 62446 | Crypt:3  | Entered Level 3 of the Crypt
 62658 | Crypt:3  | Reached XP level 24. HP: 192/192 MP: 37/37
 62784 | Crypt:3  | Found an ancient bone altar of Kikubaaqudgha.
 63173 | Crypt:3  | Identified the +5 dagger "Neaklaula" {speed, Int+2 Dex+4}
 63227 | Crypt:3  | Identified the amulet "Cuzxopuo" {Regen+ Int+3}
 63227 | Crypt:3  | Identified the ring "Rophaes" {+Blink rF- rN+ Slay+2}
 63628 | Crypt:3  | Found a staircase to the Tomb.
 63628 | Crypt:3  | Noticed a dread lich
 63676 | Crypt:3  | Killed a dread lich
 63738 | Crypt:3  | Got the Catalogue of the Iron Zephyr
 64090 | D:10     | Bought a maw talisman for 640 gold pieces
 64290 | Vaults:5 | Entered Level 5 of the Vaults
 64332 | Vaults:4 | Reached skill level 10 in Shapeshifting
 64508 | Vaults:5 | Noticed a dread lich
 64519 | Vaults:5 | Killed a dread lich
 64585 | Vaults:5 | Got a silver rune of Zot
 64600 | Vaults:5 | Identified the staff of the Harvest {rElec rPois rF+ Int-2
                  | Summ Fire}
 64808 | Vaults:5 | Identified the ring of Lady Luck {Wiz rPois rN+ Stlth+}
 64830 | Vaults:5 | Acquired a manual of Shields
 65180 | Vaults:5 | Reached XP level 25. HP: 200/200 MP: 19/37
 65189 | Vaults:5 | Reached skill level 18 in Fighting
 65195 | Vaults:5 | Identified the +10 great mace "Zucinapy" {heavy, rPois rN+
                  | Stlth+}
 66407 | Depths:3 | Bought a potion of ambrosia for 104 gold pieces
 66407 | Depths:3 | Bought a potion of heal wounds for 65 gold pieces
 66407 | Depths:3 | Bought a potion of lignification for 39 gold pieces
 66407 | Depths:3 | Bought a potion of ambrosia for 104 gold pieces
 66489 | Depths:3 | Learned a level 2 spell: Passwall
 67004 | Depths:4 | Killed Mennas
 67045 | Depths:4 | Found a gate to the Realm of Zot.
 67166 | Zot:1    | Entered Level 1 of the Realm of Zot
 68401 | Zot:2    | Noticed a Killer Klown
 68412 | Zot:2    | Killed a Killer Klown
 69128 | Zot:3    | Reached skill level 19 in Fighting
 69252 | Zot:3    | Reached skill level 20 in Fighting
 69547 | Zot:3    | Reached XP level 26. HP: 197/216 MP: 9/37
 69959 | Zot:4    | Reached skill level 21 in Fighting
 71006 | Zot:5    | Entered Level 5 of the Realm of Zot
 71270 | Zot:5    | Reached skill level 22 in Fighting
 71503 | Zot:5    | Noticed a dread lich
 71505 | Zot:5    | Noticed an orb of fire
 71523 | Zot:5    | Gained mutation: Your body sometimes deteriorates upon
                  | taking damage. [an orb of fire]
 71532 | Zot:5    | Killed an orb of fire
 71546 | Zot:5    | Noticed an orb of fire
 71555 | Zot:5    | Killed an orb of fire
 71740 | Zot:5    | Killed a dread lich
 72096 | Zot:5    | Noticed an orb of fire
 72123 | Zot:5    | Gained mutation: Your body often deteriorates upon taking
                  | damage. [an orb of fire]
 72126 | Zot:5    | Killed an orb of fire
 72788 | Zot:5    | Reached skill level 23 in Fighting
 72788 | Zot:5    | Reached skill level 15 in Shapeshifting
 72913 | Zot:5    | Noticed an orb of fire
 72913 | Zot:5    | Noticed an orb of fire
 72915 | Zot:5    | Gained mutation: You are very frail. (-20% HP) [an orb of
                  | fire]
 72928 | Zot:5    | Killed an orb of fire
 72931 | Zot:5    | Noticed an orb of fire
 72937 | Zot:5    | Noticed an orb of fire
 72947 | Zot:5    | Killed an orb of fire
 73003 | Zot:5    | Lost mutation: You possess an exceptional clarity of mind.
                  | [an orb of fire]
 73015 | Zot:5    | Killed an orb of fire
 73115 | Zot:5    | Killed an orb of fire
 73582 | Zot:5    | Got the Orb of Zot
 73628 | Zot:5    | Noticed Tent the pandemonium lord
 73655 | Zot:4    | Noticed Mashrurock the pandemonium lord
 73663 | Zot:4    | Killed Mashrurock the pandemonium lord
 73664 | Zot:4    | Reached XP level 27. HP: 172/206 MP: 37/37
 73799 | Depths:4 | Noticed Aczikiock the pandemonium lord
 73814 | Depths:4 | Killed Aczikiock the pandemonium lord
 73834 | Depths:4 | Noticed Waasis the pandemonium lord
 73881 | Depths:3 | Killed Waasis the pandemonium lord
 74039 | D:12     | Noticed Cirawoog the pandemonium lord
 74039 | D:12     | Noticed an ancient lich
 74273 | D:$      | Escaped with the Orb!

Illustrated notes

### ##### ..##
##...##
...###[....###
...'.).....'.##
†..###.....#..##
..##
##...###..## ###
##### ##..##
##.@# ##'# ..=
..... #.d.d.#
#.D.DA# ##...##
##+##


Turn 56614 on Depths:4: FUCK mennas

Levels and vault maps discovered:
D:1:      minmay_arrival_radiant_lines, layout_basic
D:2:      layout_basic, basic_altar, basic_ecumenical_altar, serial_shops,
          nicolae_shop_bloodbath_and_beyond, minmay_pentomino_s2, uniq_sigmund
D:3:      layout_basic, cheibrodos_sewer_entry_drain, chequers_arboretum,
          dk_vineyard_1, minmay_misc_feat_iff, grunt_ministairs_8, uniq_terence
D:4:      layout_basic, minmay_temple_entry_sparse_star,
          corexii_item_surrounded_by_moat
D:5:      layout_gridville, trog_hazing_becter, grunt_temple_overflow_open
D:6:      layout_layer_cave, hangedman_decor_riveting, nrook_uturn, minivault_5,
          st_stairs_8, uniq_prince_ribbit1, uniq_duvessa, uniq_edmund
D:7:      layout_loops_ring, mainiacjoe_overflow_alcove_4, kennysheep_mini_moat
D:8:      layout_cave_pools, nicolae_overflow_macrodata_refinement,
          mainiacjoe_overflow_six_doors_small, enter_ossuary_3
D:9:      layout_stronghold, grunt_temple_overflow_holy_war
D:10:     layout_cave_pods, erik_lair_orcish_takeover, serial_shops,
          nicolae_shop_just_a_little_nook, hellmonk_guarded_unrand_dark_maul
D:11:     layout_grid_maze, orc_0_dummy, serial_rivers,
          chequers_serial_rivers_marsh, chequers_serial_rivers_large_a,
          chequers_serial_rivers_micro_b, chequers_serial_rivers_room_a,
          chequers_serial_rivers_micro_e, chequers_serial_rivers_room_b,
          corner_web_ring, dk_noncrumbling_3, hangedman_decor_clover_reticule
D:12:     layout_cave_pools, biasface_ghost_orc_armoury, grunt_ministairs_13
D:13:     layout_irregular_city, ximxim_vaults_locker_room, nicolae_two_hexagons
D:14:     layout_stronghold
D:15:     hangedman_depths_entry_civil_slaughter, layout_cave_pools,
          serial_park, serial_park_tiny_1, serial_park_paths
          [serial_park_minivault_5x5_2], serial_park_tiny_1, okawaru_gym_becter
Temple:   jpeg_temple_alley_garden
Lair:1:   layout_layer_cave, basic_altar, beast_lair_carwin_5
Lair:2:   layout_roguey, palyth_hydra_swamp_entry, spider_nest_entry_webs
Lair:3:   layout_roguey, gammafunk_ghost_icy, nicolae_quartered_pool_impasse,
          serial_bayou_shore_b, grunt_megastairs_3
Lair:4:   layout_regular_city
Lair:5:   cheibrodos_lair_end_hotspot, layout_long_grid,
          minmay_slime_entry_jelly_boxes, uniq_nessos
Swamp:1:  layout_basic_swamp, hangedman_swamp_ruin_wall, swamp_pool2,
          nicolae_swamp_very_dense_foliage
Swamp:2:  nicolae_swamp_wrong_neighborhood, layout_falls_marsh,
          serial_swamp_ruin, evilmike_swamp_ruin_house_3,
          evilmike_swamp_ruin_house_4, evilmike_swamp_ruin_rubble_1,
          swamp_pool4, infiniplex_staircase_pool_2
Swamp:3:  nzn_winding_woodlands_medium [nzn_winding_woodlands_5x5_cross,
          nzn_winding_woodlands_5x15_twine, nzn_winding_woodlands_5x5_open_star,
          nzn_winding_woodlands_5x5_default,
          nzn_winding_woodlands_center_garden, nzn_winding_woodlands_5x5_three,
          nzn_winding_woodlands_5x5_checkerboard,
          nzn_winding_woodlands_5x15_sidewinder,
          nzn_winding_woodlands_5x5_perimeter], layout_basic_swamp,
          evilmike_swamp_ruin_house_1, infiniplex_staircase_pool, uniq_mara
Swamp:4:  grunt_swamp_rune_castle, layout_basic_swamp,
          gammafunk_ghost_wrathful_warriors, swamp_pool3
Spider:1: layout_spider_delve
Spider:2: layout_spider_delve, hellmonk_motheaten_closet
Spider:3: layout_spider_delve, uniq_donald, uniq_asterion
Spider:4: grunt_spider_rune_island, portal_ice_cave_entry_pillars_four,
          nicolae_spider_solar_radiation
Orc:1:    layout_caves
Orc:2:    pf_orc_diabolical, layout_caves, serial_shops,
          nicolae_shop_tiny_waterfront, nicolae_shop_window_shopping,
          nicolae_shop_advertising_works [nicolae_subvault_shop_adworks],
          uniq_josephine
Elf:1:    layout_loops_corners, minmay_elf_sorcery, minivault_16,
          kennysheep_underground_church
Elf:2:    nicolae_elf_blades_crystal_corner, layout_loops_corners
Elf:3:    grunt_elf_hall_diamonds, layout_loops_cross
Vaults:1: nicolae_vaults_lightning_bolt, nicolae_vaults_trapezoid_layered,
          grunt_vaults_focal, v_misc_19, grunt_vaults_twisty,
          layout_vaults_omnigrid, uniq_saint_roka
Vaults:2: nicolae_vaults_storage_closets_1, nicolae_vaults_network_quincunx
          [nicolae_vaults_network_quincunx_subvault,
          nicolae_vaults_network_quincunx_subvault,
          nicolae_vaults_network_quincunx_subvault,
          nicolae_vaults_network_quincunx_subvault,
          nicolae_vaults_network_quincunx_subvault], v_misc_30,
          vaults_room_door_hall, nicolae_vaults_sightless_eye,
          nicolae_vaults_border_crossing, st_cells, vaults_dpeg_cross,
          vaults_dpeg_ring, v_misc_14, nicolae_vaults_shelves_hall,
          layout_vaults_maze_snakey
Vaults:3: blue_anna_dwarven_crypt, vaults_standard_mumra_x,
          nicolae_vaults_what_the_h, v_misc_27,
          nicolae_vaults_trapezoid_lopsided_2,
          nicolae_vaults_security_offices_2, nicolae_vaults_network_periphery,
          nicolae_vaults_tetromino_L_2, v_misc_27, nicolae_vaults_alarming,
          nicolae_vaults_variable_pillar_hall, nicolae_vaults_diamond_1,
          vaults_room_grid, nicolae_vaults_tetromino_Z_1, layout_vaults_ring,
          uniq_margery
Vaults:4: ontoclasm_vaults_ligature, nicolae_vaults_closet_pinwheel_1,
          nicolae_vaults_little_squares_1, v_pattern_4, v_misc_29, v_misc_23,
          nicolae_vaults_ring_of_whatevers, ontoclasm_vaults_pinch,
          layout_vaults_big_room
Vaults:5
Crypt:1:  ragdoll_tomb_raider, layout_chaotic_city
Crypt:2:  layout_gridlike, weyrava_ghost_lake
Crypt:3:  grunt_crypt_end_deaths_head
Depths:1: layout_gridville, enter_ziggurat_c, gammafunk_ghost_cemetery,
          serial_sigils_hangedman_shear, pf_coc_iceberg, serial_shops, shop,
          minmay_st_funbox, nicolae_elemental_shop, grunt_ministairs_9,
          hangedman_decor_push, chequers_serial_rivers_micro_b,
          nicolae_wu_jian_glorious_leap
Depths:2: minmay_stepped, layout_cave_pools, serial_shops, shop,
          nicolae_shop_back_alley_shop, hellmouth_1, rand_demon_pan_entry_3,
          minmay_misc_feat_square, kennysheep_generic_room_6
Depths:3: minmay_bloctagon, layout_cave_pools, abyss_entry_small_statue_room,
          hell_entry, serial_bayou_pond_d, serial_shops,
          nicolae_shop_hallway_stairs, nicolae_hepliaklqana_hippocampus,
          serial_bayou_shore_b, minmay_staircase_bubble, uniq_jory, uniq_xtahua,
          uniq_parghit
Depths:4: evilmike_zot_entry_gauntlet, layout_cave_shapes, hell_entry,
          grunt_megastairs_1, uniq_mennas
Zot:1:    nicolae_moth_party, layout_gridlike, hangedman_zot_gyre,
          uniq_josephina
Zot:2:    lemuel_draconian_sentries, layout_gridlike
Zot:3:    layout_misc_corridors, grunt_megastairs_5
Zot:4:    layout_cathedral_of_symmetry
Zot:5:    layout_cathedral_of_symmetry

Skill      XL: |  1  2  3  4  5  6  7  8  9 10 11 12 13 14 15 16 17 18 19 20 21 22 23 24 25 26 27 |
---------------+----------------------------------------------------------------------------------+-----
Fighting       | 4 5 6 8 9 10 12 14 16 17 20 23 | 23.0
Maces & Flails | 2 3 5 8 9 10 12 | 12.2
Dodging        | 3 4 5 6 9 10 11 12 14 15 17 18 19 | 19.0
Throwing       | 1 2 |  2.0
Evocations     | 2 4 6 8 |  8.0
Staves         | 5 6 9 11 12 | 12.6
Invocations    | 5 7 8 10 12 14 | 14.0
Stealth        | 4 |  4.0
Axes           | 7 9 10 11 12 | 12.6
Spellcasting   | 6 8 9 10 | 10.0
Translocations | 6 9 11 12 14 | 14.0
Shields        | 3 12 14 15 20 | 20.0
Long Blades    | 7 12 14 16 | 16.0
Shapeshifting  | 6 11 13 16 17 | 17.3

Action                     |  1- 3 |  4- 6 |  7- 9 | 10-12 | 13-15 | 16-18 | 19-21 | 22-24 | 25-27 || total
---------------------------+-------+-------+-------+-------+-------+-------+-------+-------+-------++-------
  Melee: Whip              |   141 |   386 |       |       |       |       |       |       |       ||   527
         Tailslap          |    14 |    50 |    22 |    91 |   239 |   459 |   321 |   362 |   237 ||  1795
         Falchion          |     1 |       |       |       |       |       |       |       |       ||     1
         Mace              |       |    25 |   168 |     4 |       |       |       |       |       ||   197
         Kick              |       |       |    29 |    91 |       |       |       |       |       ||   120
         Headbutt          |       |       |    27 |   114 |   326 |   618 |   475 |   499 |   314 ||  2373
         Bite              |       |       |    16 |    74 |   198 |   359 |   274 |   294 |   184 ||  1399
         Lajatang          |       |       |    41 |   528 |  1189 |       |       |       |       ||  1758
         Morningstar       |       |       |       |       |    17 |    13 |       |       |       ||    30
         Broad axe         |       |       |       |       |    20 |   263 |   631 |       |       ||   914
         War axe           |       |       |       |       |       |   337 |       |       |       ||   337
         Eveningstar       |       |       |       |       |       |  1420 |   900 |       |       ||  2320
         Double sword      |       |       |       |       |       |       |   171 |  2469 |  1373 ||  4013
         Maw               |       |       |       |       |       |       |       |    70 |   238 ||   308
  Throw: Dart              |       |       |       |     3 |    23 |    92 |    36 |     2 |     8 ||   164
         Throwing net      |       |       |       |       |       |     5 |       |       |       ||     5
   Cast: Apportation       |       |       |       |       |     2 |    45 |    21 |    29 |     7 ||   104
         Blink             |       |       |       |       |     1 |     5 |     6 |     2 |     4 ||    18
         Lesser Beckoning  |       |       |       |       |       |   102 |   112 |    54 |    33 ||   301
         Manifold Assault  |       |       |       |       |       |       |   131 |   578 |   354 ||  1063
         Passage of Golubr |       |       |       |       |       |       |       |     2 |     7 ||     9
 Invoke: Sanctuary         |       |       |       |     1 |       |       |       |       |       ||     1
         Recite            |       |       |       |       |    14 |    27 |    14 |    11 |       ||    66
         Vitalisation      |       |       |       |       |     5 |     7 |     3 |     3 |       ||    18
         Imprison          |       |       |       |       |       |     2 |       |       |       ||     2
         Cleansing Flame   |       |       |       |       |       |       |       |       |     1 ||     1
Ability: Breathe Fire      |       |       |    17 |    27 |    57 |    75 |    38 |     1 |     1 ||   216
  Evoke: Removed chess pie |     1 |     7 |       |       |       |       |       |       |       ||     8
         Wand              |       |       |       |    10 |    15 |    20 |    17 |     4 |       ||    66
         Phial of floods   |       |       |       |       |       |     2 |     4 |       |       ||     6
         Lightning rod     |       |       |       |       |       |       |     5 |     1 |       ||     6
         Phantom mirror    |       |       |       |       |       |       |     1 |     1 |       ||     2
    Use: Potion            |       |     1 |       |     1 |     1 |     8 |     7 |     8 |    21 ||    47
         Scroll            |       |     8 |     2 |    10 |    14 |    18 |    15 |     6 |    15 ||    88
   Stab: Petrified         |       |     6 |       |       |       |       |       |       |       ||     6
         Confused          |       |     3 |       |       |     4 |     5 |    12 |     2 |       ||    26
         Sleeping          |       |     2 |     3 |     1 |    11 |     9 |     8 |     1 |       ||    35
         Distracted        |       |       |       |     2 |     5 |     3 |     4 |       |       ||    14
         Paralysed         |       |       |       |       |     7 |     2 |     4 |       |       ||    13
         Invisible         |       |       |       |       |     1 |       |       |     2 |       ||     3
         Held in net/web   |       |       |       |       |       |     2 |       |       |       ||     2
 Armour: Skin              |    56 |   222 |   124 |   133 |   315 |   777 |   315 |   268 |   116 ||  2326
  Dodge: Dodged            |    94 |   418 |   262 |   437 |  1275 |  1919 |  1085 |   988 |   425 ||  6903
  Block: Kite shield       |       |       |       |       |    33 |  1381 |  1379 |  1471 |    32 ||  4296
         Buckler           |       |       |       |       |       |   235 |       |       |       ||   235
         Reflection        |       |       |       |       |       |     9 |    93 |    26 |       ||   128
         Tower shield      |       |       |       |       |       |       |       |       |   838 ||   838
   Form: Maw               |       |       |       |       |       |       |       |     1 |       ||     1

Table legend: (Time is in decaauts)
 A = Elapsed time spent in this place.
 B = Non-inter-level travel time spent in this place.
 C = Inter-level travel time spent in this place.
 D = Time resting spent in this place.
 E = Time spent auto-exploring this place.
 F = Levels seen in this place.
 G = Mean time per level.
                   A        B        C        D        E       F      G
               +--------+--------+--------+--------+--------+-----+--------+
         Total |  73649 |  64971 |   8678 |  14565 |  28232 |  58 | 1269.8 |
       Dungeon |  16818 |  13248 |   3570 |    949 |   8648 |  15 | 1121.2 |
        Temple |      1 |      1 |      0 |      0 |      0 |   1 |    1.0 |
          Lair |   7169 |   6216 |    953 |   1564 |   3078 |   5 | 1433.8 |
         Swamp |   5162 |   4588 |    574 |    906 |   1642 |   4 | 1290.5 |
   Spider Nest |   7343 |   7011 |    332 |   2177 |   2332 |   4 | 1835.8 |
  Orcish Mines |   3467 |   2955 |    512 |   1280 |    804 |   2 | 1733.5 |
   Elven Halls |   4509 |   4137 |    372 |    894 |   1767 |   3 | 1503.0 |
        Vaults |   8822 |   7768 |   1054 |   1872 |   3604 |   5 | 1764.4 |
         Crypt |   3772 |   3488 |    284 |    718 |   1418 |   3 | 1257.3 |
        Depths |   6645 |   5890 |    755 |   1975 |   1508 |   4 | 1661.2 |
           Zot |   6332 |   6063 |    269 |   1424 |   2814 |   5 | 1266.4 |
         Abyss |   1708 |   1708 |      0 |    476 |      0 |   4 |  427.0 |
         Sewer |   1272 |   1272 |      0 |    253 |    464 |   1 | 1272.0 |
       Ossuary |    357 |    357 |      0 |      0 |    151 |   1 |  357.0 |
      Ice Cave |    263 |    263 |      0 |     73 |      0 |   1 |  263.0 |
               +--------+--------+--------+--------+--------+-----+--------+

Top non-repeatable levels by time:
   Orc:2: 2792 daAuts
   Zot:5: 2532 daAuts
Vaults:2: 2477 daAuts
Spider:1: 2426 daAuts
Depths:3: 2046 daAuts
   Elf:1: 2029 daAuts
Spider:4: 1986 daAuts
 Swamp:3: 1917 daAuts
Spider:3: 1853 daAuts
    D:13: 1852 daAuts
Vaults:1: 1796 daAuts
  Lair:5: 1758 daAuts
  Lair:2: 1668 daAuts
Depths:2: 1646 daAuts
Vaults:4: 1609 daAuts
